 Dungeon Crawl Stone Soup version 0.23-a0-767-gdc19b93d68 (webtiles) character file.

28 Esekla the Slasher (level 3, 0/26 HPs)
             Began as a Formicid Wanderer on Jan 29, 2019.
             Slain by a howler monkey (2 damage)
             ... on level 2 of the Dungeon.
             The game lasted 00:10:36 (608 turns).

Esekla the Slasher (Formicid Wanderer)               Turns: 608, Time: 00:10:37

Health: 0/26       AC:  2    Str: 21    XL:     3   Next: 30%
Magic:  3/3        EV: 11    Int:  9    God:
Gold:   46         SH:  4    Dex: 11    Spells: 2/2 levels left

rFire    . . .     SeeInvis +   a - +2 falchion
rCold    . . .     Gourm    .   c - +0 buckler
rNeg     . . .     Faith    .   d - +0 robe
rPois    .         Spirit   .   (helmet unavailable)
rElec    .         Reflect  .   (no cloak)
rCorr    .         Harm     .   (no gloves)
MR       .....                  (no boots)
Stlth    ++........             (no amulet)
HPRegen  0.08/turn              i - +3 ring of strength
MPRegen  0.08/turn              (no ring)

@: no status effects
A: permanent stasis, dig shafts and tunnels, four strong arms, antennae 3
a: Dig, Shaft Self


You were on level 2 of the Dungeon.
You were not hungry.

You visited 1 branch of the dungeon, and saw 2 of its levels.

You collected 46 gold pieces.

Inventory:

Hand Weapons
 a - a +2 falchion (weapon)
Armour
 c - a +0 buckler (worn)
 d - a +0 robe (worn)
 e - a +0 cloak
Jewellery
 i - a +3 ring of strength (left hand)
Scrolls
 b - a scroll of identify {unknown}
 h - a scroll of random uselessness {unknown}
Potions
 g - a potion of might {unknown}
Comestibles
 f - 3 rations


   Skills:
 * Level 1.2 Fighting
 + Level 6.4 Long Blades
 - Level 1.0 Throwing
 + Level 1.0 Dodging
 + Level 1.2 Stealth
 * Level 1.6 Shields


You had 2 spell levels left.
You didn't know any spells.
Your spell library was empty.

Dungeon Overview and Level Annotations

Branches:
Dungeon (2/15)

Altars:


Innate Abilities, Weirdness & Mutations

You cannot be hasted, slowed, berserked, paralysed or teleported.
You can dig through walls and to a lower floor.
Your four strong arms can wield two-handed weapons with a shield.
You have a pair of large antennae on your head. (SInv)


Message History

You closely miss the howler monkey. The howler monkey hits you.
You closely miss the howler monkey. The howler monkey hits you.
You hit the howler monkey but do no damage.
The howler monkey barely misses you. The howler monkey hits you.
You hit the howler monkey.
The howler monkey is moderately wounded.
The howler monkey hits you.
You hit the howler monkey.
The howler monkey is heavily wounded.
The howler monkey hits you!
* * * LOW HITPOINT WARNING * * *
You hit the howler monkey.
The howler monkey is severely wounded.
The howler monkey hits you.
* * * LOW HITPOINT WARNING * * *
The howler monkey hoots and howls with incredible vigour!
You completely miss the howler monkey.
The howler monkey is severely wounded.
The howler monkey hits you.
You die...

#..######..#
####..........##
...............##
#..............#
######(.............#
..[.................#
....................#
........)...........#
.........h@.<......##
..................##
...........########
...........#
..........##
.).......##
##########


You could see a howler monkey.

Vanquished Creatures
  An adder (D:2)
  2 bats (D:1)
  A giant cockroach (D:1)
  5 goblins (D:1)
  4 hobgoblins (D:1)
  A frilled lizard (D:1)
  2 kobolds (D:1)
  A rat (D:1)
17 creatures vanquished.

Notes
Turn   | Place    | Note
-------+----------+-------------------------------------------
     0 | D:1      | Esekla the Formicid Wanderer began the quest for the Orb.
     0 | D:1      | Esekla set off with the following items: a +2 falchion, a
                  | +0 quarterstaff, a +0 buckler, a +0 robe, a ration
     0 | D:1      | Reached XP level 1. HP: 13/13 MP: 1/1
     7 | D:1      | Noticed a crocodile
     7 | D:1      | Noticed a polar bear
     7 | D:1      | Noticed a swamp drake
   144 | D:1      | Reached XP level 2. HP: 19/20 MP: 2/2
   151 | D:1      | Reached skill level 1 in Fighting
   577 | D:2      | Reached XP level 3. HP: 15/26 MP: 3/3
   608 | D:2      | Slain by a howler monkey

Vault maps used:
D:1:      onia_arrival_zoo_common
D:2:      lemuel_round_altar, ashenzari_conservatory_becter, first_ration

Skill      XL: |  1  2 |
---------------+-------+-----
Fighting       | 1 |  1.2
Long Blades    | |  6.4
Throwing       | |  1.0
Dodging        | |  1.0
Stealth        | |  1.2
Shields        | |  1.6

Action                   || total
-------------------------++-------
Melee: Falchion          ||    50
Armor: Robe              ||     6
Dodge: Dodged            ||    34
Block: Buckler           ||     9
       Rpst.: Falchion   ||    13

Table legend:
 A = Non-vault XP
 B = Vault XP
 C = Vault XP percentage of total XP
 D = Non-vault monster count
 E = Vault monster count
 F = Vault count percentage of total count
                 A         B        C        D         E       F
            +---------+---------+-------+---------+---------+-------
      Total |      41 |       0 |   0.0 |      17 |       0 |   0.0
            +---------+---------+-------+---------+---------+-------
        D:1 |      28 |       0 |   0.0 |      16 |       0 |   0.0
        D:2 |      13 |       0 |   0.0 |       1 |       0 |   0.0
            +---------+---------+-------+---------+---------+-------
